 Dungeon Crawl Stone Soup version 0.18-a0-844-g9229740 (webtiles) character file.

65207 4thArraOfDagon the Severer (level 14, 0/130 HPs)
             Began as a Minotaur Fighter on Dec 18, 2015.
             Was the Champion of the Shining One.
             Slain by a centaur warrior (5 damage)
             ... on level 1 of the Depths.
             The game lasted 00:47:32 (8052 turns).

4thArraOfDagon the Severer (Minotaur Fighter)       Turns: 8052, Time: 00:47:32

Health: 0/130      AC: 27    Str: 25    XL:     14   Next: 74%
Magic:  0/20       EV:  8    Int: 11    God:    the Shining One [******]
Gold:   264        SH:  0    Dex: 11    Spells: 4 memorised, 3 levels left

rFire  + . .     SeeInvis .     C - +2 battleaxe
rCold  + . .     Gourm    .     K - +2 plate armour of the Morning {rF+ Str+4}
rNeg   + + +     Faith    .     (shield currently unavailable)
rPois  .         Spirit   +     x - +0 hat {Spirit}
rElec  .         Dismiss  .     j - +0 cloak
rCorr  .         Reflect  .     R - +2 pair of gloves
SustAt .         Harm     .     (no boots)
MR     +....                    (no amulet)
Stlth  ..........               (no ring)
                                S - ring of protection from cold

@: glowing, somewhat resistant to hostile enchantments, extremely unstealthy
A: retaliatory headbutt, horns 2, slimy green scales 1, yellow scales 1,
camouflage 1, clever 1
a: Divine Shield, Cleansing Flame, Summon Divine Warrior, Brand Weapon With Holy
Wrath, Renounce Religion


You were on level 1 of the Depths.
You worshipped the Shining One.
The Shining One was exalted by your worship.
You were not hungry.

You visited 5 branches of the dungeon, and saw 28 of its levels.

You collected 2345 gold pieces.
You spent 2081 gold pieces at shops.

Inventory:

Hand Weapons
 t - a +3 war axe of electrocution
 y - a +0 broad axe of freezing
 A - a +2 battleaxe of freezing
 C - a +2 battleaxe (weapon)
Armour
 j - a +0 cloak (worn)
 x - a +0 hat of spirit shield (worn)
 K - the +2 plate armour of the Morning (worn) {rF+ Str+4}
   (You bought it in a shop on level 13 of the Dungeon)

   It affects your strength (+4).
   It protects you from fire.
 R - a +2 pair of gloves (worn)
Jewellery
 z - an uncursed ring of ice
 Q - an uncursed ring of teleportation
 S - a ring of protection from cold (left hand)
Wands
 a - a wand of slowing (11)
 o - a wand of digging (12)
 p - a wand of disintegration (15)
 r - a wand of fire (0)
 u - a wand of teleportation (3)
 D - a wand of paralysis (10)
 E - a wand of cold (2)
 T - a wand of frost (0)
Scrolls
 b - a scroll of amnesia
 d - 2 scrolls of enchant weapon
 e - a scroll of immolation
 g - 2 scrolls of remove curse
 n - a scroll of fog
 w - 3 scrolls of blinking
 F - 2 scrolls of enchant armour
 J - a scroll of noise
 O - 2 scrolls of recharging
 P - a scroll of magic mapping
Potions
 c - 2 potions of lignification
 i - a potion of curing
 l - 3 potions of brilliance {unknown}
 q - 4 potions of agility {unknown}
 B - a potion of invisibility
 G - 2 potions of might
 L - a potion of cancellation
 N - 2 potions of flight
Books
 v - a book of Unlife

   Spells                             Type                      Level
   a - Recall                         Summoning/Translocation      3
   b - Animate Dead                   Necromancy                   4
   c - Control Undead                 Necromancy                   4
   d - Cigotuvi's Embrace             Necromancy                   5
   e - Death Channel                  Necromancy                   6
   f - Simulacrum                     Ice/Necromancy               6
   The Shining One disapproves of the use of such an item.
 M - a book of Battle

   Spells                             Type                      Level
   a - Infusion                       Charms                       1
   b - Shroud of Golubria             Charms/Translocation         2
   c - Song of Slaying                Charms                       2
   d - Spectral Weapon                Hexes/Charms                 3
   e - Regeneration                   Charms/Necromancy            3
 U - a book of the Dragon

   Spells                             Type                      Level
   a - Flame Tongue                   Conjuration/Fire             1
   b - Cause Fear                     Hexes                        4
   c - Bolt of Fire                   Conjuration/Fire             6
   d - Dragon Form                    Transmutation                7
   e - Dragon's Call                  Summoning                    9
 V - a book of Conjurations

   Spells                             Type                      Level
   a - Magic Dart                     Conjuration                  1
   b - Searing Ray                    Conjuration                  2
   c - Dazzling Spray                 Conjuration/Hexes            3
   d - Fulminant Prism                Conjuration/Hexes            4
   e - Iskenderun's Mystic Blast      Conjuration                  4
   f - Iskenderun's Battlesphere      Conjuration/Charms           5
Miscellaneous
 H - a piece from Xom's chessboard
 X - a plain deck of changes {drawn: 1}
Comestibles
 f - 9 bread rations
 k - 11 fruits
 m - 7 meat rations
 s - a slice of pizza
 I - 9 chunks of flesh


   Skills:
 + Level 13.9 Fighting
 * Level 18.9 Axes
 + Level 13.9 Armour
   Level 3.6 Shields
 - Level 10.4 Invocations
 + Level 5.7 Evocations


You had 3 spell levels left.
You knew the following spells:

 Your Spells              Type           Power        Failure   Level  Hunger
a - Apportation           Tloc           #.........   100%        1    ##.....
b - Blink                 Tloc           N/A          100%        2    ###....
c - Passage of Golubria   Tloc           N/A          100%        4    #####..
d - Spectral Weapon       Hex/Chrm       #.......     100%        3    ####...


Dungeon Overview and Level Annotations

Branches:
Dungeon (15/15)            Temple (1/1) D:6            Lair (8/8) D:8
 Spider (0/4) Lair:6        Slime (0/6) Lair:6          Orc (2/2) D:11
 Depths (2/5) D:15
  Swamp: Lair:3-6    Shoals: Lair:3-6       Elf: Orc:2       Vaults: D:13-14

Altars:
Ashenzari
Cheibriados
Dithmenos
Elyvilon
Fedhas
Gozag
Kikubaaqudgha
Makhleb
Nemelex Xobeh
Okawaru
Pakellas
Qazlal
Ru
Sif Muna
Trog
Vehumet
Xom
Yredelemnul
Zin
The Shining One
Beogh

Shops:
D:12 :   D:13 *   D:15 [   Orc:1 !   Orc:2 %!([=   Depths:1 !

Annotations:
D:4 4thArraOfDagon's ghost, amateur NaBe
D:12 Fannar; Frances


Innate Abilities, Weirdness & Mutations

You reflexively headbutt those who attack you in melee.
You have a pair of horns on your head.
You are partially covered in slimy green scales (AC +2).
You are partially covered in yellow scales (AC +2).
Your skin changes colour to match your surroundings (Stealth).
Your mind is acute. (Int +2)


Message History

The spark wasp is severely wounded.
You hit the centaur warrior but do no damage.
The centaur warrior is moderately wounded.
The centaur warrior hits you.
* * * LOW HITPOINT WARNING * * *
The spark wasp stings you!
* * * LOW HITPOINT WARNING * * *
The spark wasp shocks you!
* * * LOW HITPOINT WARNING * * *
The centaur warrior hits you.
* * * LOW HITPOINT WARNING * * *
Unknown command.
Unknown command.
You hit the spark wasp. You headbutt the spark wasp!
The spark wasp is almost dead.
You slice the centaur warrior!!
The centaur warrior is severely wounded.
The spark wasp stings you but does no damage.
The centaur warrior hits you.
You die...

#c..# ##
.c#..
#####+##
#......#
#.c....#
#@y...#
#.....#
#.....#
###.?.#
...+
...# ..#
..#


You could see a spark wasp and a centaur warrior.

Vanquished Creatures
  Gastronok (D:8)
  A fire giant (D:11)
  An ettin (Depths:1)
  Josephine (D:12)
  A fire dragon (Depths:1)
  4 vault guards (D:13)
  Erica (Orc:1)
  3 centaur warriors
  4 orc high priests (Orc:2)
  9 death yaks (Lair:6)
  An unseen horror (D:15)
  A skeletal warrior (D:13)
  A flayed ghost (D:11)
  3 hill giants
  4 deep elf magi
  2 orc sorcerers
  A phantasmal warrior (D:11)
  A manticore (D:13)
  A hornet (shapeshifter) (D:14)
  2 cyclopes
  2 wizards (D:15)
  4 elephants
  2 centaur zombies (D:15)
  A naga mage (D:15)
  16 spiny frogs
  2 fire drakes
  3 centaur skeletons
  3 yaktaurs (Depths:1)
  4 komodo dragons
  A giant leech (Lair:8)
  A troll (Orc:2)
  20 blink frogs
  4 two-headed ogres
  31 yaks
  2 shadows
  A trapdoor spider (D:11)
  A wyvern (D:12)
  A steam dragon (Lair:5)
  5 wraiths (D:12)
  5 hippogriffs
  13 wolves
  2 hungry ghosts
  4 swamp worms (Lair:6)
  A warg (Orc:2)
  5 vampire mosquitoes
  7 water moccasins
  4 mottled dragons
  A porcupine (Lair:7)
  2 sky beasts
  21 orc warriors
  4 wasps
  2 black bears (D:8)
  2 eyes of draining
  4 ice beasts
  9 centaurs
  12 ogres
  A big kobold (D:8)
  5 crocodiles
  24 giant frogs
  5 killer bees (D:11)
  2 scorpions
  4 electric eels (Lair:8)
  7 crimson imps
  2 giant frog zombies
  25 orc wizards
  13 wights
  23 orc priests
  A giant frog skeleton (D:11)
  13 jellies
  An iron imp (D:6)
  4 hounds
  4 iguanas
  9 worker ants
  11 sheep
  2 killer bee zombies
  A hound zombie (D:11)
  4 gnolls
  10 adders
  A shadow imp (D:15)
  30 river rats
  An ooze (D:1)
  3 worms (Lair:6)
  A giant gecko (D:1)
  56 orcs
  3 bats
  5 giant cockroaches
  4 jackals (D:10)
  6 kobolds
  3 quokkas
  2 giant cockroach zombies (D:5)
  4 goblins
  2 goblin skeletons (D:6)
  2 goblin zombies (D:6)
  A kobold skeleton (D:6)
  2 kobold zombies (D:6)
  2 orc skeletons (D:6)
  An orc zombie (D:6)
  A quokka zombie (D:10)
  7 rats
  A fungus (Lair:8)
  3 plants
557 creatures vanquished.

Vanquished Creatures (collateral kills)
  A death yak (Lair:6)
  A spiny frog (Lair:6)
  2 blink frogs (Lair:6)
  10 swamp worms (Lair:6)
  A porcupine (Lair:6)
  A scorpion (Lair:6)
  4 jellies (Lair:6)
  7 river rats (Lair:6)
  An ooze (Lair:6)
  3 worms (Lair:6)
  2 plants (Lair:6)
33 creatures vanquished.

Vanquished Creatures (others)
  An ogre mage (D:15)
  An ogre (D:15)
  A fungus (Lair:6)
3 creatures vanquished.

Grand Total: 593 creatures vanquished

Notes
Turn   | Place    | Note
--------------------------------------------------------------
     0 | D:1      | 4thArraOfDagon the Minotaur Fighter began the quest for the Orb.
     0 | D:1      | Reached XP level 1. HP: 19/19 MP: 0/0
   190 | D:1      | Reached XP level 2. HP: 24/27 MP: 1/1
   317 | D:2      | Reached skill level 4 in Fighting
   317 | D:2      | Reached XP level 3. HP: 30/33 MP: 2/2
   479 | D:3      | Reached XP level 4. HP: 32/40 MP: 3/3
   653 | D:4      | Reached skill level 5 in Axes
   653 | D:4      | Reached XP level 5. HP: 17/47 MP: 4/4
   695 | D:4      | Reached skill level 5 in Fighting
   849 | D:5      | Entered Level 5 of the Dungeon
   876 | D:5      | Reached XP level 6. HP: 49/56 MP: 5/5
   906 | D:5      | Reached skill level 5 in Armour
   946 | D:5      | Reached skill level 6 in Axes
   955 | D:4      | Noticed 4thArraOfDagon's ghost (amateur NaBe)
  1149 | D:7      | Reached XP level 7. HP: 51/62 MP: 6/6
  1153 | D:7      | Reached skill level 7 in Axes
  1219 | D:6      | Found a staircase to the Ecumenical Temple.
  1225 | Temple   | Entered the Ecumenical Temple
  1262 | Temple   | meh
  1262 | Temple   | WHY
  1265 | Temple   | Became a worshipper of the Shining One
  1376 | D:7      | Reached skill level 8 in Axes
  1502 | D:6      | Found a glowing golden altar of the Shining One.
  1509 | D:6      | Reached * piety under the Shining One
  1513 | D:6      | Reached XP level 8. HP: 45/71 MP: 7/7
  1623 | D:7      | Found Gyadi's Magic Scroll Shop.
  1644 | D:8      | Noticed Gastronok
  1661 | D:8      | Killed Gastronok
  1661 | D:8      | Reached skill level 10 in Axes
  1661 | D:8      | Reached XP level 9. HP: 42/82 MP: 7/10
  1790 | D:8      | Found a staircase to the Lair.
  1838 | D:8      | Found an oddly glowing altar of Pakellas.
  1839 | D:8      | Found a burning altar of Makhleb.
  1888 | D:8      | Reached skill level 11 in Axes
  2082 | D:9      | Learned a level 1 spell: Apportation
  2085 | D:9      | Learned a level 2 spell: Blink
  2090 | D:9      | Learned a level 4 spell: Passage of Golubria
  2091 | D:9      | Reached ** piety under the Shining One
  2109 | D:9      | Noticed a deep elf mage
  2110 | D:9      | Noticed a demonic crawler
  2121 | D:9      | Killed a deep elf mage
  2121 | D:9      | Reached XP level 10. HP: 27/91 MP: 2/12
  2264 | D:10     | Entered Level 10 of the Dungeon
  2269 | D:10     | Noticed a hill giant
  2283 | D:10     | Killed a hill giant
  2283 | D:10     | Reached skill level 12 in Axes
  2283 | D:10     | Reached skill level 5 in Invocations
  2371 | D:10     | Reached *** piety under the Shining One
  2388 | D:11     | Found a staircase to the Orcish Mines.
  2470 | D:11     | Noticed a deep elf mage
  2474 | D:11     | Killed a deep elf mage
  2509 | D:12     | Noticed Frances
  2519 | D:12     | Noticed a sixfirhy
  2954 | D:11     | Found a runed door.
  2957 | D:11     | Reached skill level 10 in Fighting
  2958 | D:11     | Noticed a flayed ghost
  2969 | D:11     | Killed a flayed ghost
  2969 | D:11     | Reached skill level 13 in Axes
  3177 | D:11     | Noticed a phantasmal warrior
  3179 | D:11     | Noticed a fire giant
  3186 | D:11     | Killed a fire giant
  3186 | D:11     | Reached skill level 10 in Armour
  3186 | D:11     | Reached XP level 11. HP: 50/101 MP: 11/14
  3187 | D:11     | Killed a phantasmal warrior
  3230 | D:11     | nkce loot
  3553 | D:12     | Reached **** piety under the Shining One
  3554 | D:12     | Noticed Josephine
  3566 | D:12     | Killed Josephine
  3568 | D:12     | Reached skill level 14 in Axes
  3646 | D:12     | Found Vyschimepp's Book Shoppe.
  3732 | D:12     | Noticed Fannar
  3923 | D:13     | Noticed a hill giant
  3948 | D:13     | Killed a hill giant
  3971 | D:13     | Noticed a skeletal warrior
  4006 | D:13     | Killed a skeletal warrior
  4009 | D:13     | Noticed a vault guard
  4009 | D:13     | Noticed a vault guard
  4010 | D:13     | Noticed a vault guard
  4010 | D:13     | meh
  4042 | D:13     | Reached XP level 12. HP: 63/110 MP: 9/17
  4195 | Orc:1    | Entered Level 1 of the Orcish Mines
  4256 | Orc:1    | Found Elutof's Distillery.
  4286 | Orc:1    | Bought a potion of might for 64 gold pieces
  4286 | Orc:1    | Bought a potion of mutation for 40 gold pieces
  4286 | Orc:1    | Bought a potion of heal wounds for 80 gold pieces
  4286 | Orc:1    | Bought a potion of might for 64 gold pieces
  4286 | Orc:1    | Bought a potion of curing for 48 gold pieces
  4286 | Orc:1    | Bought a potion of curing for 48 gold pieces
  4286 | Orc:1    | Bought a potion of curing for 48 gold pieces
  4286 | Orc:1    | Bought a potion of curing for 48 gold pieces
  4286 | Orc:1    | Bought a potion of poison for 16 gold pieces
  4287 | Orc:1    | Gained mutation: Your mind is acute. (Int +2) [potion of mutation]
  4287 | Orc:1    | Gained mutation: You are partially covered in yellow scales (AC +2). [potion of mutation]
  4287 | Orc:1    | Gained mutation: Your skin changes colour to match your surroundings (Stealth). [potion of mutation]
  4382 | Orc:2    | Entered Level 2 of the Orcish Mines
  4382 | Orc:2    | Found Lyid's Jewellery Emporium.
  4425 | Orc:2    | Reached skill level 15 in Axes
  4469 | Orc:1    | Noticed Erica
  4479 | Orc:2    | Reached ***** piety under the Shining One
  4844 | Orc:2    | Paralysed by an orc sorcerer for 5 turns
  4888 | Orc:2    | Found Vowayguibu's Food Shoppe.
  4888 | Orc:2    | Found Cuga's Distillery.
  4889 | Orc:2    | Found Jabbups's Armour Emporium.
  4903 | Orc:2    | Found Ofufraog's Antique Weapon Emporium.
  4923 | Orc:2    | i can die now
  4923 | Orc:2    | Bought a potion of curing for 45 gold pieces
  4923 | Orc:2    | Bought a potion of beneficial mutation for 525 gold pieces
  4923 | Orc:2    | Bought a potion of heal wounds for 75 gold pieces
  4934 | Orc:2    | Gained mutation: You are partially covered in slimy green scales (AC +2). [potion of beneficial mutation]
  5006 | Orc:1    | Found a roughly hewn altar of Beogh.
  5017 | Orc:1    | Killed Erica
  5113 | Orc:2    | Reached skill level 16 in Axes
  5243 | Lair:1   | Entered Level 1 of the Lair of Beasts
  5517 | Lair:5   | Noticed a four-headed hydra
  5546 | Lair:4   | Reached XP level 13. HP: 116/119 MP: 18/18
  5759 | Lair:6   | Reached skill level 1 in Evocations
  5805 | Lair:6   | Reached skill level 17 in Axes
  5815 | Lair:6   | Found a staircase to the Slime Pits.
  6055 | Lair:6   | Reached skill level 10 in Invocations
  6209 | Lair:8   | Entered Level 8 of the Lair of Beasts
  6236 | Lair:8   | Learned a level 3 spell: Spectral Weapon
  6633 | Lair:8   | Reached XP level 14. HP: 24/129 MP: 4/20
  6964 | Lair:7   | Reached skill level 18 in Axes
  7126 | Lair:6   | Found a hole to the Spider Nest.
  7181 | Lair:6   | Identified a scroll of acquirement
  7184 | Lair:6   | :(
  7490 | D:13     | Found Noemavom's Assorted Antiques.
  7494 | D:13     | Bought an ancient plate armour for 980 gold pieces
  7566 | D:13     | Identified the +2 plate armour of the Morning {rF+ Str+4} (You bought it in a shop on level 13 of the Dungeon)
  7599 | D:15     | Entered Level 15 of the Dungeon
  7646 | D:15     | Reached skill level 5 in Evocations
  7686 | D:15     | Found Xiwniddau's Armour Emporium.
  7789 | D:15     | Reached ****** piety under the Shining One
  7855 | D:15     | Found a staircase to the Depths.
  7863 | Depths:1 | Entered Level 1 of the Depths
  7875 | Depths:1 | Found Ichogokh's Distillery.
  8030 | Depths:2 | Found a runed door.
  8034 | Depths:2 | tomb??/
  8038 | Depths:2 | Noticed a storm dragon
  8039 | Depths:2 | nope
  8039 | Depths:2 | Noticed a caustic shrike
  8043 | Depths:2 | Noticed a sphinx
  8046 | Depths:1 | HP: 3/130 [spark wasp (13)]
  8051 | Depths:1 | HP: 5/130 [centaur warrior (3)]
  8052 | Depths:1 | Slain by a centaur warrior

Vault maps used:
D:1:      scummos_arrival_simple_crosswalls, st_stairs_5
D:2:      serial_bayou_pond_e
D:4:      first_bread, uniq_menkaure, uniq_pikel
D:5:      grunt_ministairs_1
D:6:      minmay_temple_entry_overgrown, nicolae_tso_besieged_by_evil
D:7:      serial_shops, shop_fountains, uniq_prince_ribbit1
D:8:      amethyst_overflow_temple_binary, lair_0_dummy, blue_anna_alchemist,
          uniq_gastronok
D:11:     wad_cavern_with_rooms, minmay_orc_entry_temple_small, minivault_13
D:12:     serial_shops, nicolae_shop_trees, solitary_fountain, uniq_josephine,
          uniq_fannar, uniq_frances
D:13:     erik_vaults_2, basic_altar, serial_shops, nicolae_shop_stone
D:14:     wad_floor_pattern_untrapped, patterned_corridor
D:15:     grunt_enter_depths_magical_seal, serial_shops, shop,
          hangedman_decor_push, minmay_misc_feat_ornament
Temple:   kilobyte_greek_temple_18
Lair:1:   beast_lair_carwin_1
Lair:2:   minmay_hedge_maze, ldierk_geyser, disabler_island, lemuel_fruit_tree
Lair:3:   minmay_shoals_entry_lonely_mermaid, serial_bayou_shore_b
Lair:5:   special_room, serial_bayou_crossing, grunt_megastairs_3
Lair:6:   nicolae_spider_entry_non_spiders, minmay_slime_entry_jelly_boxes,
          worms_lemuel
Lair:7:   st_stairs_6, wad_woods_road_05
Lair:8:   minmay_lair_end_frog_pond, serial_bayou_shore_b, serial_bayou_shore_b
Orc:1:    basic_altar, serial_shops, nicolae_shop_window_shopping, uniq_erica
Orc:2:    st_orc_mages, serial_shops, shop, elf_legates
Depths:1: pan_entry, hangedman_decor_cross_pass, hell_entry, serial_shops,
          shop_fountains, spider_trap, horrible_house_mu, serial_bayou_shore_b,
          uniq_jorgrun
Depths:2: minmay_haunted_quarter, serial_shops, nicolae_shop_stone,
          grunt_metal_band, kennysheep_boxes, lightli_gold_pyramid

Action                   |  1- 3 |  4- 6 |  7- 9 | 10-12 | 13-15 || total
-------------------------+-------+-------+-------+-------+-------++-------
Melee: War axe           |    13 |    51 |   142 |   169 |   157 ||   532
       Hand axe          |    37 |    33 |       |       |       ||    70
       Battleaxe         |       |       |       |   356 |   329 ||   685
Invok: Divine Shield     |       |       |       |    11 |    13 ||    24
       Summon Divine War |       |       |       |       |     1 ||     1
Evoke: Wand              |       |     2 |       |     6 |    12 ||    20
       Deck              |       |       |       |       |     1 ||     1
  Use: Scroll            |       |    11 |       |     5 |    11 ||    27
       Potion            |       |     2 |     2 |     5 |    15 ||    24
 Stab: Paralysed         |       |       |       |       |     1 ||     1
  Eat: Chunk             |       |     1 |     4 |     8 |    11 ||    24
       Pizza             |       |       |     1 |       |       ||     1
       Beef jerky        |       |       |       |     4 |       ||     4
